 Dungeon Crawl Stone Soup version 0.30-a0-223-gcb0039aa0c (webtiles) character file.

Game seed: 4486353258281604182

80 qw the Chopper (level 4, 0/28 HPs)
             Began as a Gargoyle Fighter on Oct 9, 2022.
             Slain by an ogre
             ... wielding a +0 giant club
              (18 damage)
             ... on level 4 of the Dungeon.
             The game lasted 00:00:51 (2487 turns).

qw the Chopper (Gargoyle Fighter)                   Turns: 2487, Time: 00:00:51

Health: 0/28       AC: 17    Str: 21    XL:     4   Next: 39%
Magic:  4/4        EV:  5    Int:  9    God:
Gold:   145        SH:  5    Dex: 15    Spells: 3/3 levels left

rFire   . . .      SeeInvis .    Y - +0 war axe
rCold   . . .      Faith    .    c - +0 buckler
rNeg    + . .      Spirit   .    o - +0 plate armour
rPois   inf        Reflect  .    (no helmet)
rElec   +          Harm     .    (no cloak)
rCorr   .          Rampage  .    (no gloves)
Will    .....                    e - +1 pair of boots
Stlth   ..........               m - amulet of regeneration
HPRegen 1.04/turn                a - +6 ring of dexterity
MPRegen 0.09/turn                (no ring)

@: no status effects
A: sickness immunity, AC +3, negative energy resistance 1, electricity
resistance, torment resistance 1, petrification resistance
a: no special abilities


You were on level 4 of the Dungeon.
You visited 1 branch of the dungeon, and saw 4 of its levels.

You collected 145 gold pieces.


Innate Abilities, Weirdness & Mutations

You are immune to sickness and miasma.
Your stone body is resilient. (AC +3)
You are immune to poison.
You resist negative energy. (rN+)
You are resistant to electric shocks. (rElec)
You are resistant to unholy torment.
You are immune to petrification.


   Skills:
 - Level 3.2 Fighting
 + Level 4.1 Axes
 - Level 3.2 Armour
 - Level 3.2 Shields


You had 3 spell levels left.
You didn't know any spells.
Your spell library was empty.

Inventory:

Hand Weapons
 k - a +0 whip
 Y - a +0 war axe (weapon)
Missiles
 b - 6 boomerangs (quivered)
Armour
 c - a +0 buckler (worn)
 e - a +1 pair of boots (worn)
 o - a +0 plate armour (worn)
Jewellery
 a - a +6 ring of dexterity (left hand)
 m - an amulet of regeneration (around neck)
Scrolls
 f - a scroll of identify
 h - 2 scrolls of teleportation
Potions
 d - a potion of might
 g - a potion of magic {unknown}
 i - 2 potions of cancellation {unknown}
 j - a potion of flight {unknown}
 n - a potion of haste {unknown}
 p - a potion of degeneration {unknown}

Dungeon Overview and Level Annotations

Branches:
Dungeon (4/15)
 Temple: D:4-7

Altars:
Nemelex Xobeh


Message History

You throw a boomerang.
The boomerang closely misses the kobold.
You slash the kobold!
You kill the kobold!
Things that are here:
a +0 club; 5 stones; a kobold corpse You now have 145 gold pieces (gained 7).
Found 5 stones.
An endoplasm and an ogre come into view.
The endoplasm jiggles.
Throw: 6 boomerangs
Press: ? - help, Q - select action Shift-Dir - straight line, f - endoplasm You throw a boomerang.
The boomerang barely misses the endoplasm.
Throw: 6 boomerangs
Press: ? - help, Q - select action Shift-Dir - straight line, f/p - endoplasm You throw a boomerang.
The boomerang hits the endoplasm.
The endoplasm is lightly wounded.
Throw: 6 boomerangs
Press: ? - help, Q - select action Shift-Dir - straight line, f/p - endoplasm You throw a boomerang.
The boomerang completely misses the endoplasm.
You barely miss the endoplasm.
The endoplasm is lightly wounded.
You barely miss the ogre. The ogre hits you but does no damage.
The endoplasm hits you but does no damage.
You hit the endoplasm.
The endoplasm is almost dead.
You slash the ogre! The endoplasm freezes you.
You are frozen.
The ogre hits you with a +0 giant club!
You slash the endoplasm!
You kill the endoplasm!
You completely miss the ogre. You barely miss the ogre.
The ogre is moderately wounded.
The ogre hits you with a +0 giant club!!
Ouch! That really hurt!
You die...

#### #.###.# ..#
#.###.#### #.#
#.#.......
###.#####.#.#.....
#..............##.
#
#.#(#####.#.##.).)
#.##.###
##..##..#. #.....#
#####..#. ####@##
#..#. #O.# .....
...# ###.#. ##..#
#.#. .$.~ ..#.
...~. ...~.
.#....~


You could see an ogre.

Vanquished Creatures
  An adder (D:2)
  A dart slug (D:1)
  An orc (D:3)
  8 ball pythons
  6 endoplasms
  2 giant cockroaches (D:1)
  4 goblins
  7 hobgoblins
  10 jackals
  4 kobolds
  4 quokkas
  4 bats
  A frilled lizard (D:1)
  A rat (D:3)
54 creatures vanquished.

Vanquished Creatures (others)
  12 plants (D:1)
12 creatures vanquished.

Grand Total: 66 creatures vanquished

Notes
Turn   | Place    | Note
-------+----------+-------------------------------------------
     0 | D:1      | qw the Gargoyle Fighter began the quest for the Orb.
     0 | D:1      | Reached XP level 1. HP: 14/14 MP: 1/1
     0 | D:1      | 0 ||| qw: Version: 0.2-a-17-g06abaee
     0 | D:1      | 0 ||| qw: Game counter: 2258
     0 | D:1      | 0 ||| qw: Always use a shield: true
     0 | D:1      | 0 ||| qw: God list: Okawaru
     0 | D:1      | 0 ||| qw: Allow faded altars: false
     0 | D:1      | 0 ||| qw: Do Orc after D:15 true
     0 | D:1      | 0 ||| qw: Do second Lair branch before Depths: true
     0 | D:1      | 0 ||| qw: Lair rune preference: random
     0 | D:1      | 0 ||| qw: Plans: Normal, Zot:1-4, God:TSO, Crypt, Tomb,
                  | Pan, Slime:5, Hells, Abyss, Orb
     0 | D:1      | 0 ||| PLANNING D:1-11
    35 | D:1      | Reached skill level 2 in Axes
   123 | D:1      | Reached XP level 2. HP: 18/19 MP: 2/2
   406 | D:1      | 406 ||| Stepping ~*~*~tactically~*~*~ (stealth).
   416 | D:1      | Reached skill level 3 in Axes
   417 | D:1      | Reached XP level 3. HP: 15/23 MP: 3/3
   421 | D:1      | 421 ||| Stepping ~*~*~tactically~*~*~ (stealth).
   424 | D:1      | 424 ||| Stepping ~*~*~tactically~*~*~ (stealth).
   532 | D:1      | 532 ||| DROPPING +0 club.
   591 | D:1      | Found a faded altar of an unknown god.
  1112 | D:1      | 1112 ||| UPGRADING to +1 pair of boots.
  1117 | D:1      | 1117 ||| UPGRADING to +0 plate armour.
  1127 | D:1      | 1127 ||| DROPPING +0 scale mail.
  1128 | D:1      | 1128 ||| UPGRADING to amulet of regeneration.
  1133 | D:1      | 1133 ||| READING scroll labelled DONU JAVIROSET.
  1134 | D:1      | 1134 ||| READING scroll labelled JOEDDYCITO.
  1135 | D:1      | 1135 ||| READING scroll labelled JIESUO IBBACRUAM.
  1138 | D:1      | 1138 ||| READING scroll labelled HYPEKHLO ZODACWEON.
  1239 | D:1      | 1239 ||| READING scroll labelled YNNEANL ACHE.
  1356 | D:2      | 1356 ||| Stepping ~*~*~tactically~*~*~ (stealth).
  1564 | D:2      | Identified the +4 rapier of Zomiymuiff {holy, +Blink rF+}
  1761 | D:2      | 1761 ||| UPGRADING to +6 ring of dexterity.
  1762 | D:2      | 1762 ||| DROPPING ring of wizardry.
  1763 | D:2      | 1763 ||| READING scroll labelled SIASMU EBLEL.
  1791 | D:3      | Reached XP level 4. HP: 28/28 MP: 4/4
  1918 | D:3      | Found a sparkling altar of Nemelex Xobeh.
  2010 | D:3      | Reached skill level 4 in Axes
  2105 | D:3      | 2105 ||| Stepping ~*~*~tactically~*~*~ (stealth).
  2395 | D:3      | 2395 ||| READING scroll labelled YTEDOS CACZEDD.
  2396 | D:3      | 2396 ||| READING scroll labelled TOLLENIHYKH.
  2434 | D:4      | 2434 ||| Stepping ~*~*~tactically~*~*~ (stealth).
  2479 | D:4      | Noticed an ogre
  2487 | D:4      | Slain by an ogre

Levels and vault maps discovered:
D:1:      minmay_arrival_solitary_statue, layout_loops_corners,
          ebering_ecumenical_altar_hall, chequers_big_river
D:2:      layout_loops_cross
D:3:      layout_loops_cross, lemuel_round_altar
D:4:      layout_loops_cross, nicolae_uskayaw_suspiria

Skill      XL: |  1  2  3  4 |
---------------+-------------+-----
Axes           | 2 3 4 |  4.1
Fighting       | |  3.2
Armour         | |  3.2
Shields        | |  3.2

Action                   |  1- 3 |  4- 6 || total
-------------------------+-------+-------++-------
Melee: War axe           |    87 |    49 ||   136
Throw: Boomerang         |       |     5 ||     5
  Use: Scroll            |     6 |     2 ||     8
Armor: Scale mail        |    59 |       ||    59
       Plate armour      |    11 |    38 ||    49
Dodge: Dodged            |    44 |    10 ||    54
Block: Buckler           |    22 |     7 ||    29

Table legend:
 A = Non-vault XP
 B = Vault XP
 C = Vault XP percentage of total XP
 D = Non-vault monster count
 E = Vault monster count
 F = Vault count percentage of total count
                 A         B        C        D         E       F
            +---------+---------+-------+---------+---------+-------
      Total |     115 |       0 |   0.0 |      54 |       0 |   0.0
            +---------+---------+-------+---------+---------+-------
        D:1 |      56 |       0 |   0.0 |      29 |       0 |   0.0
        D:2 |      22 |       0 |   0.0 |       5 |       0 |   0.0
        D:3 |      32 |       0 |   0.0 |      16 |       0 |   0.0
        D:4 |       5 |       0 |   0.0 |       4 |       0 |   0.0
            +---------+---------+-------+---------+---------+-------
